 Dungeon Crawl Stone Soup version 0.30-a0-25-gacc37e2db0 (webtiles) character file.

Game seed: 14230427909534846021

3054 Lenerdal the Covert (level 9, -3/42 HPs)
             Began as a Spriggan Enchanter on Aug 25, 2022.
             Was an Initiate of Dithmenos.
             Slain by an orc knight (20 damage)
             ... in a bailey.
             The game lasted 00:21:14 (9957 turns).

Lenerdal the Covert (Spriggan Enchanter)            Turns: 9957, Time: 00:21:15

Health: -3/42      AC:  8    Str:  5 (8)  XL:     9   Next: 57%
Magic:  1/23       EV: 18    Int: 14 (17) God:    Dithmenos [......]
Gold:   187        SH:  0    Dex: 13 (15) Spells: 16/27 levels left

rFire   . . .      SeeInvis +    s - +2 dagger (venom)
rCold   + . .      Faith    .    (no shield)
rNeg    . . .      Spirit   .    b - +2 robe
rPois   .          Reflect  .    (helmet restricted)
rElec   .          Harm     .    v - +2 cloak {Stlth+}
rCorr   +          Rampage  .    (gloves unavailable)
Will    +....                    (boots unavailable)
Stlth   +++++.....               (no amulet)
HPRegen 0.14/turn                l - ring of protection from cold
MPRegen 0.18/turn                o - ring of resist corrosion

@: mighty, confusing by touch, attractive, studying Long Blades, invisible, very
quick
A: very small, no large weapons, unfitting armour, see invisible, speed 3,
shaggy fur 1
a: Renounce Religion


You were in a bailey.
You worshipped Dithmenos.
Dithmenos was noncommittal.
You visited 2 branches of the dungeon, and saw 9 of its levels.
You also visited: Sewer and Bailey.

You collected 476 gold pieces.
You spent 289 gold pieces at shops.

Inventory:

Hand Weapons
 a - a +1 dagger
 s - a +2 dagger of venom (weapon)
Armour
 b - a +2 robe (worn)
 v - a +2 cloak of stealth (worn)
Jewellery
 l - a ring of protection from cold (left hand)
 o - a ring of resist corrosion (right hand)
 t - a ring of willpower
Wands
 h - a wand of digging (3)
 r - a wand of polymorph (9)
Scrolls
 k - 3 scrolls of blinking
 n - a scroll of vulnerability
 q - 3 scrolls of poison
Potions
 c - a potion of invisibility
 d - a potion of mutation
 f - a potion of curing
 g - 5 potions of heal wounds
 j - 4 potions of lignification
 m - 4 potions of flight
 p - a potion of might


   Skills:
 + Level 1.9 Fighting
 + Level 2.9 Short Blades
 + Level 4.3 Dodging
 + Level 10.7 Stealth
 + Level 9.6 Spellcasting
 + Level 9.9 Hexes


You had 16 spell levels left.
You knew the following spells:

 Your Spells              Type           Power      Damage    Failure   Level
a - Ensorcelled Hibernat  Hex/Ice        40%        N/A       2%          2
b - Tukima's Dance        Hex            34%        N/A       1%          3
c - Dazzling Flash        Conj/Hex       40%        N/A       4%          3
d - Confusing Touch       Hex            34%        N/A       1%          3

Your spell library contained the following spells:

 Spells                   Type           Power      Damage    Failure   Level
 Conjure Flame            Conj/Fire      6%         6-21      32%         3
 Ignite Poison            Fire/Tmut/Pois 6%         N/A       32%         3
 Sticky Flame             Conj/Fire      6%         2d3       71%         4


Dungeon Overview and Level Annotations

Branches:
Dungeon (8/15)             Temple (1/1) D:6           Sewer (visited)
 Bailey (1/1)
   Lair: D:8-11

Altars:
Ashenzari
Cheibriados
Dithmenos
Elyvilon
Fedhas
Gozag
Hepliaklqana
Kikubaaqudgha
Makhleb
Nemelex Xobeh
Okawaru
Qazlal
Ru
Sif Muna
Trog
Uskayaw
Vehumet
Wu Jian
Xom
Yredelemnul
Zin
The Shining One

Shops:
D:1 ?   D:4 [*   D:6 ?

Annotations:
D:3 1 runed translucent door, void236's ghost, amateur DrMo
D:5 4 runed translucent doors


Innate Abilities, Weirdness & Mutations

You are very small and have problems with some larger weapons.
You are too small for most types of armour.
You have supernaturally acute eyesight. (SInv)
You cover ground extremely quickly. (Speed+++)
You are covered in fur. (AC +1)


Message History

The orc knight sings a few bars from the Orcish anthem.
It was a potion of attraction.
You feel attractive to monsters.
The orc warrior is attracted toward you. x2
You feel very mighty all of a sudden.
The orc warrior is attracted toward you.
You fade into invisibility!
The orc warrior closely misses you. The orc warrior misses you.
The orc knight closely misses you.
Unknown command.
Unknown command.
You catch the helpless orc warrior completely off-guard!
You impale the orc warrior!!
The orc warrior looks as sick as possible!
The orc warrior is severely wounded.
The orc warrior hits you!!
The orc warrior is attracted toward you.
Unknown command.
You hit the orc warrior.
You kill the orc warrior!
Dithmenos accepts your kill. The orc knight barely misses you.
The orc warrior splashes around in the water.
Unknown command.
The orc warrior no longer looks unusually strong.
You barely miss the orc knight. You puncture the orc knight!
The orc knight is poisoned.
The orc knight is lightly wounded.
The orc knight completely misses you.
Casting: Tukima's Dance (safe; 1% risk of failure)
Confirm with . or Enter, or press ? or * to list all spells.
Aiming: Ensorcelled Hibernation (safe; 2% risk of failure)
Press: ? - help, Shift-Dir - straight line, f/p - orc warrior
Aim: an orc warrior, wearing a +0 chain mail (moderately wounded, unable to see you, chance to affect: 52%)
Okay, then.
Unknown command.
Casting: Ensorcelled Hibernation (safe; 2% risk of failure)
Confirm with . or Enter, or press ? or * to list all spells.
Your hands begin to glow red.
The orc knight hits you!!
You die...

########### ##.........##
##..~~~~~~~..##
##..~~..[..~~..##
##########..~~.)###..~~..##
#..........~~[.## ##..~~...
#.~~~~~~~o~~..## ##..~~~~
#.~....).o@..## ##.....
#.~.########## ######
#.~.##.....+ #.$$
#.~o.##...# #.$ #[)~..##.##
≈≈..... ##. ##.~~..#'#
§§..⌠.. #+ #∩.~~..#'#
..oo∩⌠. #.~~..## # ≈≈o....
#.~..## .≈≈≈(


You could see an orc knight (unable to see you, very poisoned) and an orc
warrior (unable to see you).

Vanquished Creatures
  An orc knight (Bailey)
  Grinder (D:3)
  Eustachio (D:6)
  A steam dragon (D:7)
  An acid dragon (D:5)
  Pargi (Sewer)
  2 orc warriors (Bailey)
  A sky beast (D:7)
  A black bear (D:5)
  An ogre (D:6)
  A phantom (D:6)
  A kobold brigand (D:6)
  2 scorpions
  2 necrophages
  4 jellies
  2 hounds
  Crazy Yiuf (D:6)
  3 orc priests
  A gnoll bouda (D:5)
  An iguana (D:6)
  Terence (D:3)
  4 orc wizards
  9 adders
  5 gnolls (D:5)
  2 ufetubi
  2 worms
  A dart slug (D:3)
  18 orcs
  8 endoplasms
  6 giant cockroaches
  6 goblins
  6 hobgoblins
  4 jackals (D:4)
  9 quokkas
  12 ball pythons
  8 bats
  3 frilled lizards
  9 kobolds
  6 rats
148 creatures vanquished.

Vanquished Creatures (collateral kills)
  Edmund (D:5)
  2 orc warriors
  An ogre (D:5)
  16 orcs
20 creatures vanquished.

Vanquished Creatures (others)
  7 dancing weapons
  12 fungi (D:5)
19 creatures vanquished.

Grand Total: 187 creatures vanquished

Notes
Turn   | Place    | Note
-------+----------+-------------------------------------------
     0 | D:1      | Lenerdal the Spriggan Enchanter began the quest for the
                  | Orb.
     0 | D:1      | Reached XP level 1. HP: 9/9 MP: 5/5
   172 | D:1      | Gained mutation: You are covered in fur. (AC +1) [potion of
                  | mutation]
   207 | D:1      | Found a faded altar of an unknown god.
   454 | D:1      | Reached XP level 2. HP: 13/13 MP: 7/7
   468 | D:1      | Learned a level 2 spell: Ensorcelled Hibernation
   539 | D:1      | Found Haque's Magic Scroll Shop.
  1158 | D:2      | Reached XP level 3. HP: 14/16 MP: 1/9
  1355 | D:2      | Found a stormy altar of Qazlal.
  2571 | D:3      | Noticed Terence
  2576 | D:3      | Reached XP level 4. HP: 21/21 MP: 11/11
  2620 | D:3      | Reached skill level 5 in Hexes
  2761 | D:2      | Learned a level 3 spell: Tukima's Dance
  2765 | D:2      | Learned a level 3 spell: Confusing Touch
  2776 | D:3      | Found a runed translucent door.
  2780 | D:3      | Noticed void236's ghost (amateur DrMo)
  2830 | D:3      | Killed Terence
  2967 | D:3      | Noticed Grinder
  2977 | D:3      | Paralysed by Grinder for 2 turns
  2984 | D:3      | Killed Grinder
  2985 | D:3      | Reached skill level 5 in Spellcasting
  2985 | D:3      | Reached XP level 5. HP: 11/24 MP: 10/14
  2985 | D:3      | Reached XP level 6. HP: 13/28 MP: 10/15
  3285 | D:3      | Learned a level 3 spell: Dazzling Flash
  3655 | D:4      | Reached skill level 5 in Stealth
  3771 | D:4      | Found Kuakeb's Armour Boutique.
  4060 | D:4      | Reached XP level 7. HP: 32/32 MP: 14/17
  4101 | D:4      | Found Nukeuscha's General Store.
  4111 | D:4      | Bought a scroll of blinking for 97 gold pieces
  4111 | D:4      | Bought a scroll of enchant weapon for 97 gold pieces
  4111 | D:4      | Bought a potion of curing for 39 gold pieces
  4576 | D:5      | Entered Level 5 of the Dungeon
  4630 | D:5      | Reached skill level 6 in Stealth
  4751 | D:5      | Found a large runed translucent door.
  4753 | D:5      | Found a large runed translucent door.
  4758 | D:5      | Noticed a kobold demonologist
  4758 | D:5      | Noticed a steam dragon
  5323 | D:5      | Noticed Edmund
  5344 | D:5      | Killed Edmund
  5345 | D:5      | Reached skill level 7 in Stealth
  5724 | D:5      | Reached XP level 8. HP: 33/36 MP: 9/20
  5969 | D:5      | Reached skill level 8 in Stealth
  5991 | D:5      | Found a large runed translucent door.
  5991 | D:5      | Found a large runed translucent door.
  5992 | D:5      | You fall into a shaft and drop 1 floor!
  6100 | D:6      | Found a sparkling altar of Nemelex Xobeh.
  6100 | D:6      | Found an iron altar of Okawaru.
  6102 | D:6      | Found a glowing golden altar of the Shining One.
  6142 | D:6      | Found a staircase to the Ecumenical Temple.
  6169 | Temple   | Entered the Ecumenical Temple
  6254 | D:6      | Found a hide-covered altar of Uskayaw.
  6318 | D:6      | Found a glowing drain.
  6323 | Sewer    | Entered a sewer
  6453 | Sewer    | Noticed Pargi
  6466 | Sewer    | Killed Pargi
  6686 | D:6      | Noticed Eustachio
  6841 | D:6      | Killed Eustachio
  6940 | D:6      | Found Lotuthiu's Magic Scroll Shop.
  6980 | D:6      | Bought a scroll of identify for 28 gold pieces
  6980 | D:6      | Bought a scroll of identify for 28 gold pieces
  7057 | D:6      | Reached skill level 9 in Stealth
  7411 | D:6      | Found a runed translucent door.
  7412 | D:6      | Noticed Crazy Yiuf
  7419 | D:6      | Killed Crazy Yiuf
  7765 | D:7      | Reached XP level 9. HP: 11/39 MP: 8/23
  8020 | D:7      | Found a sacrificial altar of Ru.
  8022 | D:7      | Found a shimmering altar of Xom.
  8022 | D:7      | Found a broken altar of Ashenzari.
  8024 | D:7      | Found an ornate altar of the Wu Jian Council.
  8079 | D:7      | Reached skill level 10 in Stealth
  8440 | D:7      | Found a shadowy altar of Dithmenos.
  8459 | D:7      | Became a worshipper of Dithmenos the Shadowed
  8873 | D:7      | Reached skill level 1 in Fighting
  9501 | D:8      | Found a flagged portal.
  9510 | Bailey   | Entered a bailey
  9892 | Bailey   | Noticed an orc knight
  9893 | Bailey   | Noticed an orc knight
  9911 | Bailey   | Killed an orc knight
  9957 | Bailey   | Slain by an orc knight

Illustrated notes

Levels and vault maps discovered:
D:1:      lightli_arrival_windingriver, layout_basic, serial_shops, shop_statue,
          nicolae_ecumenical_snake_handling
D:2:      layout_basic, basic_altar, kennysheep_generic_room_2
D:3:      layout_rooms, ebering_ghost_sewer_d, uniq_grinder, uniq_terence
D:4:      layout_loops_corners, serial_shops, shop, shop
D:5:      old_forge, layout_basic, minmay_hollow_rounded_squares, uniq_edmund
D:6:      layout_basic, nicolae_overflow_quartered_altars,
          minmay_temple_entry_gardened_gates, gup_sewer_entry_spiral,
          serial_shops, shop_scrolls, uniq_crazy_yiuf_cottage, uniq_eustachio
D:7:      layout_layer_cave, nicolae_dithmenos_through_a_glass_darkly,
          chequers_temple_overflow_statue_of_worship, serial_glass,
          glass_columns_a, glass_columns_b, glass_columns_a, glass_columns_a,
          glass_columns_c, glass_columns_c
D:8:      layout_basic, enter_bailey_4, st_stairs_10, minmay_misc_feat_cross,
          uniq_psyche, uniq_pikel
Temple:   hellmonk_temple_forest_ring
Bailey:   bailey_polearm_1, bailey

Skill      XL: |  1  2  3  4  5  6  7  8  9 |
---------------+----------------------------+-----
Spellcasting   | 3 4 5 6 7 9 |  9.6
Hexes          | 4 6 8 9 |  9.9
Stealth        | 5 7 9 10 | 10.7
Dodging        | 4 |  4.3
Fighting       | 1 |  1.9
Short Blades   | 2 |  2.9

Action                   |  1- 3 |  4- 6 |  7- 9 || total
-------------------------+-------+-------+-------++-------
Melee: Dagger            |   163 |    73 |   287 ||   523
       Punch             |     1 |       |     1 ||     2
 Cast: Ensorcelled Hiber |    10 |    10 |    53 ||    73
       Confusing Touch   |       |     4 |     7 ||    11
       Tukima's Dance    |       |     3 |    40 ||    43
Evoke: Wand              |       |     6 |       ||     6
  Use: Scroll            |     6 |     2 |    11 ||    19
       Potion            |     2 |       |    10 ||    12
 Stab: Sleeping          |    16 |    16 |    44 ||    76
       Invisible         |     2 |       |     6 ||     8
       Confused          |       |     5 |     4 ||     9
       Distracted        |       |       |     1 ||     1
Armor: Robe              |    25 |     9 |    58 ||    92
Dodge: Dodged            |   138 |    51 |   237 ||   426

Table legend: (Time is in decaauts)
 A = Elapsed time spent in this place.
 B = Non-inter-level travel time spent in this place.
 C = Inter-level travel time spent in this place.
 D = Time resting spent in this place.
 E = Time spent auto-exploring this place.
 F = Levels seen in this place.
 G = Mean time per level.
                   A        B        C        D        E       F      G
               +--------+--------+--------+--------+--------+-----+--------+
         Total |   7750 |   7643 |    107 |    490 |   5548 |  11 |  704.5 |
       Dungeon |   7019 |   6921 |     98 |    326 |   5248 |   8 |  877.4 |
        Temple |    105 |     96 |      9 |      0 |     66 |   1 |  105.0 |
         Sewer |    236 |    236 |      0 |    117 |      0 |   1 |  236.0 |
        Bailey |    388 |    388 |      0 |     47 |    234 |   1 |  388.0 |
               +--------+--------+--------+--------+--------+-----+--------+

Top non-repeatable levels by time:
     D:7: 1371 daAuts
     D:2: 1266 daAuts
     D:5: 1080 daAuts
     D:4: 929 daAuts
     D:6: 890 daAuts
     D:3: 714 daAuts
     D:1: 700 daAuts
  Bailey: 388 daAuts
   Sewer: 236 daAuts
  Temple: 105 daAuts
     D:8: 65 daAuts
